 Dungeon Crawl Stone Soup version 0.26-a0-658-gbdda728c12 (webtiles) character file.

Game seed: 4088025700284737043

32405 Gargoyl the Fighter (level 13, -4/104 HPs)
             Began as a Gnoll Abyssal Knight on Oct 5, 2020.
             Was a High Priest of Lugonu.
             Slain by a catoblepas (11 damage)
             ... on level 6 of the Lair of Beasts.
             The game lasted 00:23:05 (16712 turns).

Gargoyl the Fighter (Gnoll Abyssal Knight)         Turns: 16712, Time: 00:23:05

Health: -4/104     AC: 19    Str: 22    XL:     13   Next: 64%
Magic:  3/25       EV: 17    Int: 18    God:    Lugonu [*****.]
Gold:   601        SH:  0    Dex: 14    Spells: 29/29 levels left

rFire    . . .     SeeInvis .   w - +2 great sword (protect)
rCold    . . .     Faith    .   (shield currently unavailable)
rNeg     . . .     Spirit   .   K - +2 scale mail {rPois}
rPois    +         Reflect  .   o - +1 helmet
rElec    .         Harm     .   k - +1 cloak
rCorr    .         Rampage  .   G - +0 pair of gloves
MR       +++..                  f - +1 pair of boots
Stlth    +++.......             (no amulet)
HPRegen  0.67/turn              h - ring of protection from magic
MPRegen  0.19/turn              s - ring of the Mage {Wiz MR++ Int+3}

@: no status effects
A: distributed training, fangs 1, repulsion field 1, regeneration 1, strong 1,
strong nose
a: Depart the Abyss, Bend Space, Banish, Corrupt, Enter the Abyss, Renounce
Religion


You were on level 6 of the Lair of Beasts.
You worshipped Lugonu.
Lugonu was extremely pleased with you.
You visited 2 branches of the dungeon, and saw 16 of its levels.
You visited the Abyss 1 time.

You collected 775 gold pieces.
You spent 174 gold pieces at shops.

Inventory:

Hand Weapons
 a - a +2 hand axe
 i - a +4 hand axe of freezing
 w - a +2 great sword of protection (weapon)
Missiles
 t - 6 javelins (quivered)
Armour
 f - a +1 pair of boots (worn)
 k - a +1 cloak (worn)
 l - a +0 plate armour
 o - a +1 helmet (worn)
 x - a +0 kite shield
 G - a +0 pair of gloves (worn)
 K - a +2 scale mail of poison resistance (worn)
Jewellery
 h - a ring of protection from magic (left hand)
 s - the ring of the Mage (right hand) {Wiz MR++ Int+3}
   (You found it on level 7 of the Dungeon)

   [ring of wizardry]

   It improves your spell success rate.
   It affects your intelligence (+3).
   It affects your resistance to hostile enchantments.
 J - an uncursed ring of poison resistance {unknown}
 M - a +4 ring of evasion {unknown}
Wands
 c - a wand of disintegration (27)
 d - a wand of iceblast (8)
 g - a wand of digging (2)
 j - a wand of enslavement (22)
 m - a wand of flame (18)
 n - a wand of random effects (33)
 y - a wand of paralysis (18)
Scrolls
 b - 8 scrolls of teleportation
 e - 11 scrolls of remove curse
 r - a scroll of identify
 A - a scroll of fear
 D - 3 scrolls of fog
 E - a scroll of magic mapping
 I - a scroll of enchant armour
 L - a scroll of vulnerability {unknown}
Potions
 p - 2 potions of lignification
 q - a potion of resistance
 u - 2 potions of flight
 v - 6 potions of curing
 z - a potion of stabbing
 C - a potion of ambrosia
 F - a potion of might
 H - a potion of invisibility {unknown}
 N - a potion of heal wounds


   Skills:
 + Level 10.6 Fighting
 + Level 8.5 Short Blades
 + Level 8.5 Long Blades
 + Level 9.6 Axes
 + Level 8.5 Maces & Flails
 + Level 8.5 Polearms
 + Level 8.5 Staves
 + Level 8.5 Slings
 + Level 8.5 Bows
 + Level 8.5 Crossbows
 + Level 8.5 Throwing
 + Level 9.6 Armour
 + Level 8.9 Dodging
 + Level 8.5 Stealth
 + Level 8.5 Shields
 + Level 8.5 Unarmed Combat
 + Level 8.5 Spellcasting
 + Level 7.0 Conjurations
 + Level 7.0 Hexes
 + Level 7.0 Summonings
 + Level 7.0 Necromancy
 + Level 7.0 Translocations
 + Level 7.0 Transmutations
 + Level 7.0 Fire Magic
 + Level 7.0 Ice Magic
 + Level 7.0 Air Magic
 + Level 7.0 Earth Magic
 + Level 7.0 Poison Magic
 + Level 10.3 Invocations
 + Level 8.5 Evocations


You had 29 spell levels left.
You didn't know any spells.
Your spell library contained the following spells:

 Spells                   Type           Power        Failure   Level
 Animate Skeleton         Necr           ####..       1%          1
 Apportation              Tloc           ####..       1%          1
 Corona                   Hex            ####...      1%          1
 Magic Dart               Conj           ####         1%          1
 Shock                    Conj/Air       ####         1%          1
 Sting                    Tmut/Pois      ####         1%          1
 Summon Small Mammal      Summ           ####         1%          1
 Blink                    Tloc           N/A          1%          2
 Call Imp                 Summ           ####....     1%          2
 Ensorcelled Hibernation  Hex/Ice        ####..       1%          2
 Poisonous Vapours        Pois/Air       ####..       1%          2
 Slow                     Hex            ####....     1%          2
 Swiftness                Air            ####....     1%          2
 Call Canine Familiar     Summ           ####....     1%          3
 Confusing Touch          Hex            ####....     1%          3
 Conjure Flame            Conj/Fire      ####....     1%          3
 Dazzling Flash           Conj/Hex       ####..       1%          3
 Ignite Poison            Fire/Tmut/Pois ####....     1%          3
 Mephitic Cloud           Conj/Pois/Air  ####....     1%          3
 Static Discharge         Conj/Air       ####....     1%          3
 Summon Guardian Golem    Hex/Summ       ####....     1%          3
 Tukima's Dance           Hex            ####....     1%          3
 Airstrike                Air            ####......   4%          4
 Olgreb's Toxic Radiance  Pois           ####....     4%          4
 Summon Ice Beast         Ice/Summ       ####....     4%          4
 Summon Lightning Spire   Summ/Air       ####....     4%          4
 Lightning Bolt           Conj/Air       ####......   12%         5


Dungeon Overview and Level Annotations

Branches:
Dungeon (10/15)            Temple (0/1) D:4            Lair (6/6) D:10
  Swamp (0/4) Lair:2        Snake (0/4) Lair:3
  Slime: Lair:5-6       Orc: D:9-12

Altars:
Cheibriados
Kikubaaqudgha
Qazlal
Sif Muna
Trog
Uskayaw
Vehumet
Xom
The Shining One

Shops:
D:5 *   D:9 ?

Annotations:
Abyss:1 Fannar


Innate Abilities, Weirdness & Mutations

Your experience applies equally to all skills.
You have very sharp teeth.
Your uncanny sense of smell can sniff out nearby items.
You are surrounded by a mild repulsion field. (EV +2)
Your natural rate of healing is unusually fast.
Your muscles are strong. (Str +2)


Message History

Aim: a dire elephant (lightly wounded, chance to defeat MR: 24%)
The dire elephant resists with almost no effort.
As you read the scroll of teleportation, it crumbles to dust.
You feel strangely unstable.
Your surroundings suddenly seem different.
A catoblepas comes into view.
Press: ? - help, Shift-Dir - straight line, f - catoblepas
Aim: a catoblepas (asleep, chance to defeat MR: 24%)
The catoblepas bellows!
The catoblepas resists with almost no effort.
Press: ? - help, Shift-Dir - straight line, f/p - catoblepas
Aim: a catoblepas (chance to defeat MR: 24%)
The catoblepas resists with almost no effort.
The catoblepas gores you!
* * * LOW HITPOINT WARNING * * *
Press: ? - help, Shift-Dir - straight line, f/p - catoblepas
Aim: a catoblepas (chance to defeat MR: 24%)
The catoblepas resists with almost no effort.
The catoblepas gores you!
You die...

## ###.##
##.Y..##
#.@....#
#......##
.....##..#
###.## ..#
∆ ## ##


You could see a catoblepas.

Vanquished Creatures
  Kirke (Lair:4)
  A boulder beetle (Lair:3)
  6 death yaks
  A two-headed ogre (D:10)
  Urug (Lair:3)
  Joseph (D:7)
  2 black mambas
  A torpor snail (Lair:6)
  13 cane toads
  A rime drake (Lair:3)
  5 komodo dragons
  4 polar bears
  Prince Ribbit (D:7)
  2 trolls
  5 dream sheep (Lair:5)
  8 blink frogs
  25 yaks
  A spriggan (Lair:2)
  3 wyverns
  A wraith (D:10)
  2 basilisks
  Menkaure (D:7)
  3 nagas (Lair:3)
  10 water moccasins
  An ice beast (D:8)
  A phantom (D:7)
  4 orc warriors
  4 sky beasts
  3 black bears
  10 wolves
  3 ogres
  3 centaurs
  18 bullfrogs
  2 scorpions (D:8)
  4 wights (D:8)
  An electric eel (Lair:2)
  2 centaur zombies (D:7)
  2 jellies (D:10)
  5 hounds
  4 bullfrog skeletons
  3 centaur skeletons (D:7)
  5 orc priests
  12 orc wizards
  4 iguanas
  Natasha (thrice) (D:3)
  6 hell rats
  Ijyb (D:3)
  5 worker ants
  A statue (D:9)
  A worker ant zombie (D:7)
  Robin (D:3)
  A howler monkey skeleton (D:10)
  9 adders
  4 gnolls
  6 river rats (Lair:3)
  A shadow imp (D:9)
  3 white imps (D:6)
  An adder skeleton (D:6)
  2 worms
  A dart slug (D:1)
  4 leopard geckos
  42 orcs
  7 bats
  3 giant cockroaches
  19 goblins
  12 hobgoblins
  18 jackals
  7 quokkas
  2 frilled lizards (D:1)
  3 goblin skeletons (D:6)
  2 hobgoblin zombies (D:6)
  8 kobolds
  A kobold skeleton (D:6)
  A kobold zombie (D:6)
  A leopard gecko zombie (D:6)
  2 orc skeletons (D:6)
  2 orc zombies (D:6)
  A quokka zombie (D:9)
  12 rats
383 creatures vanquished.

Vanquished Creatures (others)
  4 humans (Lair:5)
  A water moccasin (Lair:5)
  A wolf (Lair:5)
  11 bushes (Lair:5)
  22 fungi
  68 plants
107 creatures vanquished.

Grand Total: 490 creatures vanquished

Notes
Turn   | Place    | Note
-------+----------+-------------------------------------------
     0 | Abyss:1  | Gargoyl the Gnoll Abyssal Knight began the quest for the
                  | Orb.
     0 | Abyss:1  | Reached XP level 1. HP: 23/23 MP: 3/3
    81 | Abyss:1  | Noticed a rust devil
   428 | Abyss:2  | Noticed an ettin skeleton
   433 | Abyss:2  | Noticed an apocalypse crab
   434 | Abyss:2  | Noticed a guardian serpent
   435 | D:1      | Escaped the Abyss
   486 | D:1      | Reached XP level 2. HP: 27/29 MP: 5/5
   531 | D:1      | Reached * piety under Lugonu
   658 | D:1      | Reached XP level 3. HP: 28/35 MP: 6/6
   848 | D:1      | Found a snail-covered altar of Cheibriados.
  1186 | D:2      | Reached skill level 1 in Short Blades
  1186 | D:2      | Reached skill level 1 in Long Blades
  1186 | D:2      | Reached skill level 1 in Maces & Flails
  1186 | D:2      | Reached skill level 1 in Polearms
  1186 | D:2      | Reached skill level 1 in Staves
  1186 | D:2      | Reached skill level 1 in Slings
  1186 | D:2      | Reached skill level 1 in Bows
  1186 | D:2      | Reached skill level 1 in Crossbows
  1186 | D:2      | Reached skill level 1 in Throwing
  1186 | D:2      | Reached skill level 1 in Stealth
  1186 | D:2      | Reached skill level 1 in Shields
  1186 | D:2      | Reached skill level 1 in Unarmed Combat
  1186 | D:2      | Reached skill level 1 in Spellcasting
  1186 | D:2      | Reached skill level 1 in Evocations
  1284 | D:2      | Reached XP level 4. HP: 40/41 MP: 7/7
  1395 | D:2      | Reached ** piety under Lugonu
  1572 | D:2      | Reached skill level 1 in Conjurations
  1572 | D:2      | Reached skill level 1 in Hexes
  1572 | D:2      | Reached skill level 1 in Summonings
  1572 | D:2      | Reached skill level 1 in Necromancy
  1572 | D:2      | Reached skill level 1 in Translocations
  1572 | D:2      | Reached skill level 1 in Transmutations
  1572 | D:2      | Reached skill level 1 in Fire Magic
  1572 | D:2      | Reached skill level 1 in Ice Magic
  1572 | D:2      | Reached skill level 1 in Air Magic
  1572 | D:2      | Reached skill level 1 in Earth Magic
  1572 | D:2      | Reached skill level 1 in Poison Magic
  1831 | D:3      | Noticed Natasha
  1835 | D:3      | Killed Natasha
  1835 | D:3      | Reached XP level 5. HP: 47/47 MP: 8/8
  1868 | D:3      | Noticed Natasha
  1876 | D:3      | Killed Natasha
  1932 | D:3      | Noticed an orc warrior
  1948 | D:3      | Killed an orc warrior
  1948 | D:3      | Reached skill level 5 in Invocations
  1948 | D:3      | Reached XP level 6. HP: 38/53 MP: 9/9
  2135 | D:3      | Found an ancient bone altar of Kikubaaqudgha.
  2220 | D:3      | Noticed Robin
  2221 | D:3      | Noticed Natasha
  2228 | D:3      | Reached skill level 5 in Axes
  2228 | D:3      | Reached skill level 5 in Armour
  2235 | D:3      | Killed Natasha
  2255 | D:3      | Killed Robin
  2494 | D:3      | Noticed Ijyb
  2502 | D:3      | Killed Ijyb
  3031 | D:4      | Reached *** piety under Lugonu
  3265 | D:4      | Found a staircase to the Ecumenical Temple.
  3271 | D:4      | Reached XP level 7. HP: 59/59 MP: 10/10
  3869 | D:4      | You fall into a shaft and drop 2 floors!
  3876 | D:5      | Entered Level 5 of the Dungeon
  4297 | D:5      | HP: 3/60 [orc wizard/+0 dagger (1)]
  4334 | D:4      | Reached XP level 8. HP: 20/67 MP: 12/12
  4604 | D:5      | Found a shimmering altar of Xom.
  4703 | D:5      | Found Ulool's General Store.
  4724 | D:5      | Bought a scroll of teleportation for 39 gold pieces
  5669 | D:6      | Found a glowing golden altar of the Shining One.
  5687 | D:6      | Reached **** piety under Lugonu
  6652 | D:6      | Gained mutation: Your muscles are strong. (Str +2) [potion
                  | of mutation]
  6652 | D:6      | Gained mutation: Your natural rate of healing is unusually
                  | fast. [potion of mutation]
  6652 | D:6      | Gained mutation: You are surrounded by a mild repulsion
                  | field. (EV +2) [potion of mutation]
  6906 | D:6      | Found a stormy altar of Qazlal.
  6995 | D:7      | Reached XP level 9. HP: 66/72 MP: 14/14
  7023 | D:7      | Found a hide-covered altar of Uskayaw.
  7024 | D:7      | Noticed a +0 hand axe
  7025 | D:7      | Noticed a +0 hand axe
  7034 | D:7      | Found the ring of the Mage {Wiz MR++ Int+3}
  7313 | D:7      | Reached skill level 5 in Dodging
  7399 | D:7      | Noticed Prince Ribbit
  7414 | D:7      | Killed Prince Ribbit
  7448 | D:7      | Noticed Menkaure
  7453 | D:7      | Killed Menkaure
  7512 | D:7      | Found a shimmering blue altar of Sif Muna.
  7705 | D:7      | Noticed Joseph
  7728 | D:7      | Killed Joseph
  8222 | D:8      | Found a bloodstained altar of Trog.
  8422 | D:8      | Reached XP level 10. HP: 70/80 MP: 17/17
  8673 | D:8      | Reached skill level 5 in Short Blades
  8673 | D:8      | Reached skill level 5 in Long Blades
  8673 | D:8      | Reached skill level 5 in Maces & Flails
  8673 | D:8      | Reached skill level 5 in Polearms
  8673 | D:8      | Reached skill level 5 in Staves
  8673 | D:8      | Reached skill level 5 in Slings
  8673 | D:8      | Reached skill level 5 in Bows
  8673 | D:8      | Reached skill level 5 in Crossbows
  8673 | D:8      | Reached skill level 5 in Throwing
  8673 | D:8      | Reached skill level 5 in Stealth
  8673 | D:8      | Reached skill level 5 in Shields
  8673 | D:8      | Reached skill level 5 in Unarmed Combat
  8673 | D:8      | Reached skill level 5 in Spellcasting
  8673 | D:8      | Reached skill level 5 in Evocations
  8719 | D:8      | Found a runed translucent door.
  8719 | D:8      | Noticed a sixfirhy
  8999 | D:8      | Banished a sixfirhy
  9460 | D:9      | Found Xuytz's Magic Scroll Shoppe.
  9469 | D:9      | Bought a scroll of teleportation for 45 gold pieces
  9469 | D:9      | Bought a scroll of teleportation for 45 gold pieces
  9469 | D:9      | Bought a scroll of teleportation for 45 gold pieces
  9726 | D:9      | Found a radiant altar of Vehumet.
  9810 | D:10     | Entered Level 10 of the Dungeon
  9811 | D:10     | Noticed a two-headed ogre
  9982 | D:10     | Reached ***** piety under Lugonu
 10246 | D:10     | Killed a two-headed ogre
 10612 | D:10     | Reached XP level 11. HP: 86/87 MP: 19/19
 10621 | D:10     | Found a staircase to the Lair.
 10693 | Lair:1   | Entered Level 1 of the Lair of Beasts
 10841 | Lair:1   | Reached skill level 5 in Conjurations
 10841 | Lair:1   | Reached skill level 5 in Hexes
 10841 | Lair:1   | Reached skill level 5 in Summonings
 10841 | Lair:1   | Reached skill level 5 in Necromancy
 10841 | Lair:1   | Reached skill level 5 in Translocations
 10841 | Lair:1   | Reached skill level 5 in Transmutations
 10841 | Lair:1   | Reached skill level 5 in Fire Magic
 10841 | Lair:1   | Reached skill level 5 in Ice Magic
 10841 | Lair:1   | Reached skill level 5 in Air Magic
 10841 | Lair:1   | Reached skill level 5 in Earth Magic
 10841 | Lair:1   | Reached skill level 5 in Poison Magic
 11291 | Lair:1   | HP: 4/89 [poisoned by a black mamba]
 11296 | Lair:1   | HP: 2/89 [poisoned by a black mamba]
 11301 | Lair:1   | HP: 1/89 [poisoned by a black mamba]
 11306 | Lair:1   | HP: 1/89 [poisoned by a black mamba]
 11311 | Lair:1   | HP: 3/89 [poisoned by a black mamba]
 11964 | Lair:2   | Noticed Fannar
 11988 | Lair:2   | Banished Fannar
 12437 | Lair:2   | Found a staircase to the Swamp.
 12673 | Lair:2   | Reached XP level 12. HP: 88/96 MP: 22/22
 13452 | Lair:3   | Noticed a boulder beetle
 13474 | Lair:3   | Killed a boulder beetle
 13602 | Lair:3   | Found a staircase to the Snake Pit.
 13830 | Lair:3   | Noticed Urug
 13854 | Lair:3   | HP: 4/97 [Urug/+1 demon trident of electrocution (18)]
 13856 | Lair:3   | Killed Urug
 14668 | Lair:4   | Reached skill level 10 in Fighting
 15052 | Lair:5   | Noticed Kirke
 15127 | Lair:4   | Killed Kirke
 15200 | Lair:5   | Reached XP level 13. HP: 103/103 MP: 24/24
 15651 | Lair:5   | Reached skill level 10 in Invocations
 15971 | Lair:6   | Entered Level 6 of the Lair of Beasts
 16692 | Lair:6   | Noticed a dire elephant
 16712 | Lair:6   | Slain by a catoblepas

Illustrated notes

Levels and vault maps discovered:
D:1:      wander_arrival_peaceful_grave, layout_basic, kennysheep_doodads,
          st_stairs_7, serial_bayou_lagoon_a, cheibriados_altar_1
D:2:      layout_rooms, nicolae_overflow_hidden_temple,
          minmay_misc_feat_enclosed
D:3:      layout_loops_ring, lemuel_round_altar, serial_park_tiny_2, uniq_ijyb,
          uniq_natasha, uniq_robin
D:4:      corexii_shack_village, layout_loops_ring, temple_green, minivault_19
D:5:      layout_basic, overflow_temple_1_default, serial_shops,
          nicolae_shop_statue_plus
D:6:      layout_loops_ring, nicolae_tso_besieged_by_evil,
          lemuel_coloured_pillars_altar
D:7:      layout_basic, dancing_weapons_uskayaw, kennysheep_nondescript,
          lemuel_blue_sif_altar, uniq_joseph, uniq_prince_ribbit1, uniq_menkaure
D:8:      cheibrodos_shockbox, layout_basic, bloody_trog
D:9:      layout_basic, vehumet_statue, serial_shops, shop
D:10:     layout_cave_pools, lair_entry_dummy
Lair:1:   layout_regular_city, nicolae_volcano_entry_s_turn
Lair:2:   layout_roguey, minmay_swamp_entry_eels, forest_entry_grove,
          grunt_megastairs_3, serial_bayou_shore_b, uniq_fannar
Lair:3:   layout_loops_ring, guppyfry_snake_entry_island, minmay_holes,
          kennysheep_rathole, serial_bayou_shore_b, uniq_urug
Lair:4:   layout_concentric_octagons, serial_bayou_pond_e
Lair:5:   layout_loops_ring, serial_forest, infiniplex_forest_corner_1,
          infiniplex_forest_lined_2, infiniplex_forest_side_room,
          infiniplex_forest_clump_curved, grunt_megastairs_5, uniq_kirke
Lair:6:   evilmike_catoblepas_cave, layout_regular_city, slime_altar_1,
          infiniplex_staircase_pool, grunt_megastairs_2, serial_bayou_shore_a,
          minmay_lair_oklob_chamber

Skill      XL: |  1  2  3  4  5  6  7  8  9 10 11 12 13 |
---------------+----------------------------------------+-----
Short Blades   | 1 2 3 4 5 6 7 8 |  8.5
Long Blades    | 1 2 3 4 5 6 7 8 |  8.5
Maces & Flails | 1 2 3 4 5 6 7 8 |  8.5
Polearms       | 1 2 3 4 5 6 7 8 |  8.5
Staves         | 1 2 3 4 5 6 7 8 |  8.5
Slings         | 1 2 3 4 5 6 7 8 |  8.5
Bows           | 1 2 3 4 5 6 7 8 |  8.5
Crossbows      | 1 2 3 4 5 6 7 8 |  8.5
Throwing       | 1 2 3 4 5 6 7 8 |  8.5
Stealth        | 1 2 3 4 5 6 7 8 |  8.5
Shields        | 1 2 3 4 5 6 7 8 |  8.5
Unarmed Combat | 1 2 3 4 5 6 7 8 |  8.5
Spellcasting   | 1 2 3 4 5 6 7 8 |  8.5
Evocations     | 1 2 3 4 5 6 7 8 |  8.5
Conjurations   | 1 2 3 4 5 6 7 |  7.0
Hexes          | 1 2 3 4 5 6 7 |  7.0
Summonings     | 1 2 3 4 5 6 7 |  7.0
Necromancy     | 1 2 3 4 5 6 7 |  7.0
Translocations | 1 2 3 4 5 6 7 |  7.0
Transmutations | 1 2 3 4 5 6 7 |  7.0
Fire Magic     | 1 2 3 4 5 6 7 |  7.0
Ice Magic      | 1 2 3 4 5 6 7 |  7.0
Air Magic      | 1 2 3 4 5 6 7 |  7.0
Earth Magic    | 1 2 3 4 5 6 7 |  7.0
Poison Magic   | 1 2 3 4 5 6 7 |  7.0
Dodging        | 3 4 5 6 7 8 |  8.9
Invocations    | 5 6 7 8 9 10 | 10.3
Axes           | 5 6 7 8 9 |  9.6
Armour         | 5 6 7 8 9 |  9.6
Fighting       | 7 8 9 10 | 10.6

Action                   |  1- 3 |  4- 6 |  7- 9 | 10-12 | 13-15 || total
-------------------------+-------+-------+-------+-------+-------++-------
Melee: Hand axe          |    79 |   135 |   395 |   542 |       ||  1151
       Bite              |    10 |    10 |    35 |   123 |    30 ||   208
       Punch             |     1 |     1 |     2 |    16 |       ||    20
       Great sword       |       |       |       |   215 |   141 ||   356
Throw: Javelin           |       |       |     3 |    15 |     4 ||    22
Invok: Depart the Abyss  |     1 |       |       |       |       ||     1
       Banish            |       |       |     1 |     3 |    11 ||    15
       Bend Space        |       |       |       |       |     1 ||     1
Evoke: Wand              |     3 |       |       |     1 |     5 ||     9
  Use: Scroll            |     5 |     2 |     5 |    14 |     2 ||    28
       Potion            |     2 |     2 |     5 |     2 |       ||    11
 Stab: Distracted        |       |       |       |       |     1 ||     1
       Sleeping          |       |       |       |       |     1 ||     1
Armor: Leather armour    |    20 |       |       |       |       ||    20
       Scale mail        |    14 |    27 |       |    71 |    64 ||   176
       Skin              |       |     6 |       |       |       ||     6
       Plate armour      |       |    71 |   321 |   404 |       ||   796
Dodge: Dodged            |    79 |    65 |   166 |   496 |   119 ||   925
       Rpst.: Great sword |       |       |       |    52 |    39 ||    91

Table legend: (Time is in decaauts)
 A = Elapsed time spent in this place.
 B = Non-inter-level travel time spent in this place.
 C = Inter-level travel time spent in this place.
 D = Time resting spent in this place.
 E = Time spent auto-exploring this place.
 F = Levels seen in this place.
 G = Mean time per level.
                   A        B        C        D        E       F      G
               +--------+--------+--------+--------+--------+-----+--------+
         Total |  16849 |  16358 |    491 |   3293 |   9521 |  18 |  936.1 |
       Dungeon |  10286 |   9883 |    403 |   2110 |   5814 |  10 | 1028.6 |
          Lair |   6128 |   6040 |     88 |   1183 |   3331 |   6 | 1021.3 |
         Abyss |    434 |    434 |      0 |      0 |    376 |   2 |  217.0 |
               +--------+--------+--------+--------+--------+-----+--------+

Top non-repeatable levels by time:
     D:3: 1480 daAuts
     D:4: 1405 daAuts
     D:5: 1390 daAuts
  Lair:3: 1354 daAuts
  Lair:2: 1244 daAuts
  Lair:5: 1212 daAuts
     D:7: 1096 daAuts
  Lair:1: 1086 daAuts
     D:8: 1054 daAuts
     D:6: 1016 daAuts
  Lair:4: 940 daAuts
     D:9: 865 daAuts
     D:1: 746 daAuts
    D:10: 723 daAuts
     D:2: 508 daAuts
